 Dungeon Crawl Stone Soup version 0.29-a0-719-g0fec994a2d (webtiles) character file.

Game seed: 10139907394582788891

1327 Ijustatesigmund the Thaumaturge (level 8, -2/41 HPs)
             Began as a Deep Elf Earth Elementalist on June 27, 2022.
             Was an Initiate of Cheibriados.
             Slain by an unseen horror (3 damage)
             ... on level 5 of the Dungeon.
             The game lasted 00:10:52 (6431 turns).

Ijustatesigmund the Thaumaturge (DEEE)              Turns: 6431, Time: 00:10:52

Health: -2/41      AC:  5    Str:  6    XL:     8   Next: 34%
Magic:  21/23      EV: 12    Int: 24    God:    Cheibriados [......]
Gold:   330        SH:  0    Dex: 16    Spells: 19/25 levels left

rFire   + + .      SeeInvis .   c - staff of earth
rCold   . . .      Faith    .   (no shield)
rNeg    . . .      Spirit   .   a - +0 robe {rF+}
rPois   .          Reflect  .   (no helmet)
rElec   .          Harm     .   (no cloak)
rCorr   .          Rampage  .   q - +1 pair of gloves
Will    .....                   p - +0 pair of boots
Stlth   ++........              (no amulet)
HPRegen 0.13/turn               j - ring of protection from fire
MPRegen 0.18/turn               (no ring)

@: lethally poisoned (-2 -> -21), invisible, very slow
A: no striking features
a: Renounce Religion


You were on level 5 of the Dungeon.
You worshipped Cheibriados.
Cheibriados was noncommittal.
You visited 2 branches of the dungeon, and saw 6 of its levels.

You collected 330 gold pieces.

Inventory:

Armour
 a - a +0 robe of fire resistance (worn)
 p - a +0 pair of boots (worn)
 q - a +1 pair of gloves (worn)
Magical Staves
 c - a staff of earth (weapon)
Jewellery
 j - a ring of protection from fire (left hand)
 m - a ring of resist corrosion
Wands
 o - a wand of flame (35)
Scrolls
 h - 2 scrolls of blinking
 s - a scroll of silence
 t - a scroll of magic mapping
Potions
 b - 3 potions of magic
 d - a potion of flight
 f - 2 potions of curing
 g - a potion of invisibility
 l - a potion of mutation {unknown}
 n - 3 potions of lignification
 r - a potion of brilliance {unknown}


   Skills:
 - Level 2.4 Dodging
 - Level 2.4 Stealth
 + Level 9.1 Spellcasting
 + Level 6.6 Conjurations
 - Level 1.1 Transmutations
 + Level 5.7 Earth Magic
 + Level 1.9 Invocations


You had 19 spell levels left.
You knew the following spells:

 Your Spells              Type           Power      Damage    Failure   Level
a - Sandblast             Erth           100%       2d20      1%          1
b - Stone Arrow           Conj/Erth      100%       3d13      1%          3
c - Passwall              Tmut/Erth      33%        N/A       2%          2

Your spell library contained the following spells:

 Spells                   Type           Power      Damage    Failure   Level
 Fulminant Prism          Conj/Hex       13%        3d9       14%         4
 Iskenderun's Mystic Bla  Conj/Tloc      26%        2d7       14%         4
 Petrify                  Tmut/Erth      40%        N/A       14%         4
 Lee's Rapid Deconstruct  Erth           27%        3d16*     16%         5
 Borgnjor's Vile Clutch   Necr/Erth      18%        N/A       45%         5
 Animate Dead             Necr           10%        N/A       50%         4
 Death Channel            Necr           5%         N/A       100%        6


Dungeon Overview and Level Annotations

Branches:
Dungeon (5/15)             Temple (1/1) D:5

Altars:
Ashenzari
Cheibriados
Dithmenos
Elyvilon
Fedhas
Hepliaklqana
Kikubaaqudgha
Nemelex Xobeh
Okawaru
Qazlal
Ru
Sif Muna
Trog
Wu Jian
Xom
Yredelemnul
Zin


Message History

Casting: Stone Arrow (safe; 1% risk of failure)
Confirm with . or Enter, or press ? or * to list all spells.
Aiming: Stone Arrow (safe; 1% risk of failure)
Press: ? - help, Shift-Dir - straight line You feel a surge of power!
Something hits you.
Casting: Stone Arrow (safe; 1% risk of failure)
Confirm with . or Enter, or press ? or * to list all spells.
You can't see any susceptible monsters within range! (Use Z to cast anyway.)
Casting: Stone Arrow (safe; 1% risk of failure)
Confirm with . or Enter, or press ? or * to list all spells.
Aiming: Stone Arrow (safe; 1% risk of failure)
Press: ? - help, Shift-Dir - straight line You feel a surge of power!
Something hits you.
Okay, then.
Okay, then.
You fade into invisibility!
Something hits you!
Okay, then.
Something hits you! Something hits you.
* * * LOW HITPOINT WARNING * * *
Something barely misses you.
It was a potion of heal wounds.
You feel much better. Something hits you!
Really read the scroll of poison?
You can't even see any enemies this would affect.
The air fills with toxic fumes!
As you read the scroll of poison, it crumbles to dust.
Something hits you.
You feel better. Something hits you!
Aiming: Throw Flame
Press: ? - help, Shift-Dir - straight line Something hits you.
You are confused.
You feel invigorated. Something hits you!
* * * LOW HITPOINT WARNING * * *
You feel better.
You feel less invigorated. Something hits you.
Really walk into that cloud of poison gas?
You are lethally poisoned!
* * * LOW HITPOINT WARNING * * *
x2 You feel very sick.
Something hits you.
You die...

#.# #..# #.# ###
#..##### #..#§.+
#..#§.# ##
#..#§§# .#
#..#☼§##### ##
#..#§§.§§§# ##
#..#§§§.§§# .#
.#####..#####@§#
##
.....#..#....§§#
##
.....#..#....☼§#
.#
###..#..#..#####
.#
.....#..#......#
##
.....#..#......#
.#####..#####..#
.....#..#......#
..w..#..#..)...#


There were no monsters in sight!

Vanquished Creatures
  Sigmund (D:5)
  Eustachio (D:5)
  An ogre (D:5)
  A centaur (D:5)
  3 phantoms
  Blork the orc (D:4)
  A gnoll sergeant (D:5)
  2 scorpions (D:4)
  A jelly (D:5)
  2 hounds (D:5)
  Ijyb (D:3)
  4 iguanas
  An orc wizard (D:4)
  8 adders
  A shadow imp (D:5)
  2 worms (D:5)
  A dart slug (D:1)
  8 orcs
  4 ball pythons
  4 bats
  8 endoplasms
  3 giant cockroaches
  5 goblins
  8 hobgoblins
  6 quokkas
  2 frilled lizards (D:1)
  9 kobolds
  4 rats
93 creatures vanquished.

Vanquished Creatures (others)
  3 plants (D:2)
3 creatures vanquished.

Grand Total: 96 creatures vanquished

Notes
Turn   | Place    | Note
-------+----------+-------------------------------------------
     0 | D:1      | Ijustatesigmund the Deep Elf Earth Elementalist began the
                  | quest for the Orb.
     0 | D:1      | Reached XP level 1. HP: 10/10 MP: 6/6
   245 | D:1      | You fall into a shaft and drop 1 floor!
   489 | D:1      | Reached XP level 2. HP: 15/15 MP: 5/8
  1036 | D:1      | Found a faded altar of an unknown god.
  1413 | D:2      | Reached skill level 4 in Spellcasting
  1564 | D:2      | Reached XP level 3. HP: 19/19 MP: 7/10
  1593 | D:2      | Learned a level 3 spell: Stone Arrow
  1596 | D:2      | Learned a level 2 spell: Passwall
  2551 | D:3      | Reached skill level 1 in Conjurations
  2552 | D:3      | Reached XP level 4. HP: 24/24 MP: 7/12
  2830 | D:3      | Noticed Ijyb
  2834 | D:3      | Killed Ijyb
  2835 | D:3      | Reached skill level 5 in Spellcasting
  3433 | D:4      | Noticed Blork the orc
  3436 | D:4      | Killed Blork the orc
  3437 | D:4      | Reached XP level 5. HP: 28/28 MP: 10/15
  3856 | D:4      | Noticed an orc warrior
  3871 | D:3      | Reached skill level 6 in Spellcasting
  4003 | D:4      | Reached XP level 6. HP: 13/32 MP: 12/17
  4680 | D:4      | Reached skill level 7 in Spellcasting
  4876 | D:5      | Entered Level 5 of the Dungeon
  4878 | D:5      | Reached skill level 5 in Conjurations
  4878 | D:5      | Reached XP level 7. HP: 36/36 MP: 16/20
  4930 | D:5      | Noticed Sigmund
  4932 | D:5      | Killed Sigmund
  4933 | D:5      | Reached skill level 8 in Spellcasting
  4975 | D:5      | Noticed Eustachio
  4983 | D:5      | Killed Eustachio
  5159 | D:5      | Reached skill level 5 in Earth Magic
  5273 | D:5      | Found a staircase to the Ecumenical Temple.
  5283 | D:5      | Reached XP level 8. HP: 29/41 MP: 9/22
  5288 | Temple   | Entered the Ecumenical Temple
  5546 | Temple   | Became a worshipper of Cheibriados the Contemplative
  5743 | D:5      | Reached skill level 1 in Invocations
  6400 | D:5      | Reached skill level 9 in Spellcasting
  6431 | D:5      | HP: 1/41 [poisoned by you (poison gas)]
  6431 | D:5      | Slain by an unseen horror

Illustrated notes

Levels and vault maps discovered:
D:1:      psy_arrival_wood_between_worlds, layout_basic,
          shapermc_ecumenical_altar_venn
D:2:      layout_loops_corners, serial_forest, infiniplex_forest_lined_room_3,
          infiniplex_forest_end_1, infiniplex_forest_lined_corner,
          infiniplex_forest_clump_medium, infiniplex_forest_corner_1,
          infiniplex_forest_clump_small, infiniplex_forest_corner_1,
          infiniplex_forest_straight_2, infiniplex_forest_end_3, st_stairs_7,
          chequers_serial_rivers_micro_e
D:3:      layout_loops_ring, uniq_ijyb
D:4:      layout_gridville, uniq_blork_the_orc
D:5:      kennysheep_windowed_halls, layout_loops_ring,
          minmay_temple_entry_grid, small_statue_intersection, feat_on_display,
          uniq_sigmund, uniq_eustachio
Temple:   bh_familiar_temple

Skill      XL: |  1  2  3  4  5  6  7  8 |
---------------+-------------------------+-----
Spellcasting   | 4 5 6 7 8 9 |  9.1
Earth Magic    | 4 5 |  5.7
Conjurations   | 1 3 5 6 |  6.6
Invocations    | 1 |  1.9
Dodging        | |  2.4
Stealth        | |  2.4
Transmutations | |  1.1

Action                   |  1- 3 |  4- 6 |  7- 9 || total
-------------------------+-------+-------+-------++-------
Melee: Short sword       |       |     1 |       ||     1
 Cast: Sandblast         |    47 |    45 |    16 ||   108
       Stone Arrow       |       |     7 |    24 ||    31
Evoke: Wand              |       |       |     1 ||     1
  Use: Scroll            |     7 |     5 |     3 ||    15
       Potion            |       |       |     6 ||     6
Armor: Robe              |     1 |    12 |     2 ||    15
Dodge: Dodged            |    12 |    11 |     7 ||    30

Table legend: (Time is in decaauts)
 A = Elapsed time spent in this place.
 B = Non-inter-level travel time spent in this place.
 C = Inter-level travel time spent in this place.
 D = Time resting spent in this place.
 E = Time spent auto-exploring this place.
 F = Levels seen in this place.
 G = Mean time per level.
                   A        B        C        D        E       F      G
               +--------+--------+--------+--------+--------+-----+--------+
         Total |   6667 |   6485 |    182 |   1463 |   4308 |   6 | 1111.2 |
       Dungeon |   6381 |   6228 |    153 |   1463 |   4058 |   5 | 1276.2 |
        Temple |    286 |    258 |     28 |      0 |    250 |   1 |  286.0 |
               +--------+--------+--------+--------+--------+-----+--------+

Top non-repeatable levels by time:
     D:4: 1438 daAuts
     D:5: 1413 daAuts
     D:1: 1291 daAuts
     D:2: 1291 daAuts
     D:3: 946 daAuts
  Temple: 286 daAuts
